 Dungeon Crawl Stone Soup version 0.28-a0-87-g9a7839dea9 (webtiles) character file.

Game seed: 18051586294906873374

11610 Leeroy the Thaumaturge (level 12, -10/81 (85) HPs)
             Began as a Djinni Warper on Aug 6, 2021.
             Was a Priest of Makhleb.
             Mangled by a sun demon (17 damage)
             ... summoned by an orc sorcerer
             ... on level 2 of the Orcish Mines.
             The game lasted 00:39:40 (21809 turns).

Leeroy the Thaumaturge (Djinni Warper)             Turns: 21809, Time: 00:39:41

HP:   -10/81 (85)   AC:  7    Str: 18    XL:     12   Next: 9%
Gold: 583           EV: 20    Int: 19    God:    Makhleb [***...] SH:  6 Dex: 20

rFire   + + .      SeeInvis .   R - +2 double sword (elec)
rCold   x . .      Faith    +   L - +0 buckler
rNeg    . . .      Spirit   .   Y - +1 robe "Cilec" {Contam Str+8 Dex+6}
rPois   ∞          Reflect  .   f - +0 helmet
rElec   .          Harm     .   K - +2 cloak
rCorr   +          Rampage  .   (no gloves)
Will    +....                   (boots unavailable)
Stlth   ++........              i - amulet of faith
HPRegen 0.23/turn               D - ring of resist corrosion
MPRegen 0.00/turn               b - +4 ring of evasion

@: flying, lightly drained
A: sickness immunity, fire resistance 2, cold vulnerability 1, float, innate
caster, hp casting, extra vitality 1
a: Renounce Religion, Minor Destruction, Lesser Servant of Makhleb


You were on level 2 of the Orcish Mines.
You worshipped Makhleb.
Makhleb was most pleased with you.
You visited 3 branches of the dungeon, and saw 14 of its levels.
You also visited: Sewer.

You collected 989 gold pieces.
You spent 406 gold pieces at shops.

Inventory:

Hand Weapons
 j - a +2 dagger of venom
 m - a +5 great sword
 x - a +2 whip of freezing
 C - a +1 short sword of venom
 H - a +0 short sword of freezing
 J - a +2 quarterstaff of chaos
 R - a +2 double sword of electrocution (weapon)
 U - a +0 dagger of speed
Missiles
 c - 6 curare-tipped darts
 d - 4 boomerangs of dispersal
 k - 3 silver javelins
 s - 20 poisoned darts (quivered)
 t - 3 boomerangs
 y - 204 stones
 W - a throwing net
Armour
 f - a +0 helmet (worn)
 w - a +0 robe of cold resistance
 K - a +2 cloak (worn)
 L - a +0 buckler (worn)
 Y - the +1 robe "Cilec" (worn) {Contam Str+8 Dex+6}
   (You found it on level 7 of the Dungeon)

   Str:       It affects your strength (+8).
   Dex:       It affects your dexterity (+6).
   Contam:    It causes magical contamination when unequipped.
Magical Staves
 O - a staff of death
Jewellery
 b - a +4 ring of evasion (right hand)
 i - an amulet of faith (around neck)
 o - a ring of fire
 v - a ring of protection from fire
 D - a ring of resist corrosion (left hand)
Wands
 u - a wand of paralysis (9)
 F - a wand of iceblast (5)
 Z - a wand of flame (8)
Scrolls
 g - a scroll of fear
 h - 2 scrolls of summoning {unknown}
 l - 3 scrolls of fog
 n - 5 scrolls of magic mapping
 q - a scroll of vulnerability
 z - a scroll of blinking
 A - a scroll of silence {unknown}
 G - 3 scrolls of teleportation
 M - a scroll of noise
 N - a scroll of brand weapon {unknown}
 T - a scroll of immolation
Potions
 a - 2 potions of heal wounds
 e - 2 potions of lignification
 p - 4 potions of degeneration
 r - a potion of attraction
 B - a potion of berserk rage
 E - 4 potions of curing
 I - 3 potions of flight
 P - a potion of invisibility
 S - a potion of mutation
 V - a potion of ambrosia
 X - a potion of haste
Miscellaneous
 Q - a piece from Xom's chessboard (15/15)


   Skills:
 + Level 7.3 Fighting
 - Level 8.0 Long Blades
 - Level 0.7 Axes
 - Level 0.7 Bows
 - Level 0.7 Crossbows
 - Level 0.7 Throwing
 - Level 1.0 Armour
 - Level 6.3 Dodging
 - Level 5.2 Shields
 - Level 10.0 Spellcasting


You had one spell level left.
You knew the following spells:

 Your Spells              Type           Power      Damage    Failure   Level
a - Blink                 Tloc           N/A        N/A       1%          2
b - Lesser Beckoning      Tloc           23%        N/A       1%          3
c - Gell's Gravitas       Tloc           23%        N/A       1%          3
d - Teleport Other        Tloc           47%        N/A       1%          3
e - Manifold Assault      Tloc           47%        N/A       3%          5
f - Sandblast             Erth           94%        2d19      1%          1
g - Wereblood             Tmut           47%        N/A       1%          2
h - Ozocubu's Armour      Ice            47%        N/A       1%          3
i - Petrify               Tmut/Erth      47%        N/A       1%          4
j - Fulminant Prism       Conj/Hex       23%        3d13      1%          4
Your spell library was empty.

Dungeon Overview and Level Annotations

Branches:
Dungeon (11/15)            Temple (1/1) D:7            Lair (0/6) D:10
    Orc (2/2) D:9           Sewer (visited)
    Elf: Orc:2

Altars:
Ashenzari
Cheibriados
Dithmenos
Elyvilon
Fedhas
Gozag
Hepliaklqana
Kikubaaqudgha
Makhleb
Nemelex Xobeh
Okawaru
Qazlal
Ru
Sif Muna
Trog
Uskayaw
Vehumet
Wu Jian
Xom
Yredelemnul
Zin
The Shining One

Shops:
D:10 [:*[

Annotations:
D:6 Prince Ribbit


Innate Abilities, Weirdness & Mutations

You are immune to sickness and miasma.
You are immune to poison.
Your flesh is very heat resistant. (rF++)
You are vulnerable to cold. (rC-)
You float through the air rather than walking.
You learn spells naturally, not from books.
Your magical power is your life essence.
You have superior vitality. (+4 HP)


Message History

Confirm with . or Enter, or press ? or * to list all spells.
Space momentarily warps into an impossible shape!
You hit the orc warrior but do no damage.
You hit the sun demon but do no damage. You barely miss the orc sorcerer.
The orc warrior completely misses you.
Unknown command.
Throw: 21 darts (poison)
Press: ? - help, Q - select action, (/) - cycle Shift-Dir - straight line, f - orc warrior
Aim: an orc warrior, wielding a +0 glaive and wearing a +0 plate armour (almost dead, 65% to hit)
You throw a poisoned dart. The poisoned dart hits the orc warrior.
The orc warrior is almost dead.
The orc warrior misses you.
You hit the cyclops. Lightning courses through the cyclops!
The cyclops is severely wounded.
The sun demon barely misses you.
You riposte.
You slice the sun demon!!
The sun demon is heavily wounded.
The orc sorcerer hits you but does no damage.
The orc warrior misses you. The sun demon closely misses you.
You riposte.
You hit the sun demon but do no damage.
The sun demon is heavily wounded.
Your magical contamination has completely faded away.
You slash the cyclops! Lightning courses through the cyclops!
You kill the cyclops!
Makhleb accepts your kill.
You can now summon a lesser servant of Makhleb.
The orc sorcerer completely misses you.
You riposte.
You slash the orc sorcerer!
The orc sorcerer is heavily wounded.
The orc warrior barely misses you. The sun demon completely misses you.
You barely miss the orc sorcerer.
The orc sorcerer is heavily wounded.
The orc sorcerer casts a spell.
The orc warrior hits you from afar with a +0 glaive!
The sun demon hits you!
You are engulfed in flames.
You resist.
Unknown command.
The orc sorcerer gestures at you while chanting.
The bolt of negative energy hits you!!
You feel drained.
* * * LOW HITPOINT WARNING * * *
The sun demon hits you!
You die...

..............
............. .
............#..
.......)$......
....).......#..
.......o.......
........4......
.......@3......
........o......
...$...........
...............
...............
.#..#..........
..............<
..#####........


You could see a sun demon (summoned), a rust devil (summoned), an orc sorcerer
and an orc warrior.

Vanquished Creatures
  Harold (D:9)
  Erolcha (D:9)
  2 two-headed ogres
  An orc high priest (Orc:1)
  A deep troll (shapeshifter) (D:11)
  Pikel (D:3)
  An orc sorcerer (Orc:1)
  A cyclops (Orc:2)
  A troll (D:10)
  A hornet (D:9)
  Grinder (D:4)
  6 yaks
  A wyvern (D:10)
  A warg (Orc:1)
  Menkaure (D:6)
  3 water moccasins (D:10)
  2 orc warriors (D:9)
  2 black bears (D:10)
  An ice beast (D:3)
  A necrophage (D:6)
  4 ogres
  3 centaurs
  3 lemures
  2 kobold brigands
  6 bullfrogs
  Blork the orc (D:4)
  3 gnoll sergeants
  A scorpion (D:3)
  9 killer bees
  14 wights
  2 electric eels (D:9)
  2 howler monkeys
  2 jellies
  4 hounds
  4 centaur zombies
  6 orc priests
  Crazy Yiuf (D:4)
  A bullfrog skeleton (D:6)
  Jessica (D:2)
  6 orc wizards
  Ijyb (D:4)
  Terence (D:3)
  2 gnoll shamans
  4 iguanas
  Natasha (thrice) (D:2)
  A scorpion zombie (D:5)
  A howler monkey zombie (D:7)
  21 gnolls
  9 adders
  A river rat (D:4)
  A shadow imp (D:5)
  A white imp (D:7)
  An ufetubus (D:6)
  An adder skeleton (D:3)
  3 dart slugs
  25 orcs
  24 ball pythons
  3 bats
  16 endoplasms
  17 giant cockroaches
  5 goblins
  10 hobgoblins
  9 jackals
  8 quokkas
  6 frilled lizards (Sewer)
  17 kobolds
  6 rats
302 creatures vanquished.

Vanquished Creatures (others)
  4 killer bees (D:11)
  An orc wizard (D:9)
  4 fulminant prisms
  13 fungi (D:10)
  32 plants
54 creatures vanquished.

Grand Total: 356 creatures vanquished

Notes
Turn   | Place    | Note
-------+----------+-------------------------------------------
     0 | D:1      | Leeroy the Djinni Warper began the quest for the Orb.
     0 | D:1      | Reached XP level 1. HP: 18/18 MP: 0/0
     6 | D:1      | Noticed a black bear
     6 | D:1      | Noticed a scorpion
     6 | D:1      | Noticed a five-headed hydra
     7 | D:1      | Noticed a lindwurm
     7 | D:1      | Noticed a water moccasin
    90 | D:1      | Reached XP level 2. HP: 14/23 MP: 0/0
   634 | D:1      | Reached XP level 3. HP: 22/28 MP: 0/0
   634 | D:1      | Learned a level 1 spell: Sandblast
  1451 | D:2      | Noticed Jessica
  1456 | D:2      | Noticed Terence
  1457 | D:2      | Killed Jessica
  1458 | D:2      | Reached XP level 4. HP: 31/33 MP: 0/0
  2267 | D:2      | Noticed Natasha
  2277 | D:2      | Killed Natasha
  2278 | D:2      | Reached XP level 5. HP: 17/38 MP: 0/0
  2278 | D:2      | Learned a level 2 spell: Wereblood
  2339 | D:2      | Noticed Natasha
  2462 | D:3      | Found a hide-covered altar of Uskayaw.
  2466 | D:3      | Noticed a +0 dagger
  2468 | D:3      | Noticed a +0 dagger
  2653 | D:3      | Found a hazy altar of Hepliaklqana.
  2653 | D:3      | Found an ornate altar of the Wu Jian Council.
  3024 | D:3      | Reached skill level 5 in Long Blades
  3024 | D:3      | Reached XP level 6. HP: 28/43 MP: 0/0
  3331 | D:3      | Found a shimmering altar of Xom.
  3548 | D:3      | Noticed an ice beast
  3571 | D:3      | Killed an ice beast
  3572 | D:3      | Reached skill level 3 in Spellcasting
  3915 | D:4      | Found a glowing drain.
  4078 | Sewer    | Entered a sewer
  4417 | Sewer    | Reached XP level 7. HP: 41/49 MP: 0/0
  4417 | Sewer    | Learned a level 3 spell: Ozocubu's Armour
  4603 | Sewer    | Reached skill level 4 in Spellcasting
  5053 | D:4      | Noticed Pikel
  5419 | D:3      | Killed Terence
  5530 | D:2      | Killed Natasha
  5630 | D:2      | Noticed Natasha
  5647 | D:2      | Killed Natasha
  6156 | D:3      | Killed Pikel
  6157 | D:3      | Reached skill level 6 in Spellcasting
  6157 | D:3      | Reached XP level 8. HP: 6/54 MP: 0/0
  6708 | D:4      | Noticed Grinder
  6721 | D:4      | Killed Grinder
  6825 | D:4      | Found a runed translucent door.
  6826 | D:4      | Noticed Crazy Yiuf
  6971 | D:4      | Noticed Ijyb
  6981 | D:4      | Reached skill level 7 in Spellcasting
  6990 | D:4      | Killed Ijyb
  7275 | D:4      | Found a glowing silver altar of Zin.
  7275 | D:4      | Noticed Blork the orc
  7287 | D:4      | Killed Blork the orc
  7288 | D:4      | Reached XP level 9. HP: 17/58 MP: 0/0
  7288 | D:4      | Learned a level 4 spell: Petrify
  7861 | D:4      | Killed Crazy Yiuf
  8103 | D:5      | Entered Level 5 of the Dungeon
  9580 | D:5      | Reached skill level 8 in Spellcasting
  9613 | D:5      | Found a stormy altar of Qazlal.
  9682 | D:6      | Noticed Prince Ribbit
 10262 | D:6      | Noticed Menkaure
 10267 | D:6      | Killed Menkaure
 11062 | D:6      | Reached skill level 5 in Fighting
 11769 | D:7      | Found a sparkling altar of Nemelex Xobeh.
 12286 | D:7      | Identified the +1 robe "Cilec" {Contam Str+8 Dex+6}
 12778 | D:7      | Found a burning altar of Makhleb.
 12791 | D:7      | Found a staircase to the Ecumenical Temple.
 12802 | Temple   | Entered the Ecumenical Temple
 13038 | D:7      | Reached XP level 10. HP: 52/72 MP: 0/0
 13044 | D:7      | Became a worshipper of Makhleb the Destroyer
 13954 | D:7      | Reached skill level 5 in Dodging
 14833 | D:8      | Reached * piety under Makhleb
 15056 | D:8      | Found a snail-covered altar of Cheibriados.
 17029 | D:9      | Found a staircase to the Orcish Mines.
 17031 | D:9      | Reached ** piety under Makhleb
 17083 | D:9      | Identified a scroll of acquirement
 17083 | D:9      | Acquired a +2 double sword of electrocution
 17376 | D:9      | Noticed a two-headed ogre
 17403 | D:9      | Killed a two-headed ogre
 17404 | D:9      | Reached XP level 11. HP: 29/76 MP: 0/0
 17404 | D:9      | Learned a level 4 spell: Fulminant Prism
 17477 | D:9      | Noticed Erolcha
 17851 | D:10     | Entered Level 10 of the Dungeon
 17851 | D:10     | Found Zogiunac's General Store.
 17859 | D:10     | Bought a scroll of enchant armour for 82 gold pieces
 17861 | D:10     | Bought 6 curare-tipped darts for 39 gold pieces
 17861 | D:10     | Bought a potion of curing for 33 gold pieces
 17923 | D:10     | Reached skill level 9 in Spellcasting
 18146 | D:10     | Found a staircase to the Lair.
 18212 | D:10     | Found Cacaos's Armour Emporium.
 18292 | D:10     | Found Jucwucho's Book Boutique.
 18791 | D:10     | Noticed a two-headed ogre
 18794 | D:10     | Killed a two-headed ogre
 18899 | D:10     | Reached skill level 10 in Spellcasting
 19161 | D:10     | Found Xayrakh's Antique Armour Emporium.
 19168 | D:10     | Bought a blackened ring mail for 252 gold pieces
 19168 | D:10     | Identified the +0 ring mail of Tulips {rCorr} (You bought
                  | it in a shop on level 10 of the Dungeon)
 19516 | D:11     | Noticed a cyclops
 19612 | D:11     | Noticed a fire crab
 19616 | D:11     | Noticed a lindwurm
 19621 | D:11     | Noticed a deep troll
 19621 | D:11     | a lindwurm changed into a deep troll
 19627 | D:11     | Killed a deep troll
 20025 | D:9      | Reached skill level 1 in Shields
 20527 | D:9      | Noticed Harold
 20542 | D:9      | Killed Harold
 20836 | Orc:1    | Entered Level 1 of the Orcish Mines
 20980 | Orc:1    | Noticed an orc sorcerer
 20982 | Orc:1    | Noticed an orc high priest
 20989 | Orc:1    | Killed an orc sorcerer
 21235 | Orc:1    | Noticed a sun demon
 21378 | D:9      | Killed Erolcha
 21379 | D:9      | Reached skill level 5 in Shields
 21411 | Orc:1    | Killed an orc high priest
 21412 | Orc:1    | Reached XP level 12. HP: 64/84 MP: 0/0
 21798 | Orc:2    | Entered Level 2 of the Orcish Mines
 21800 | Orc:2    | Noticed a sun demon
 21807 | Orc:2    | Reached *** piety under Makhleb
 21809 | Orc:2    | Mangled by a sun demon

Illustrated notes

Levels and vault maps discovered:
D:1:      onia_arrival_zoo_common, layout_basic
D:2:      layout_loops_ring, uniq_jessica, uniq_natasha, uniq_terence
D:3:      layout_basic, tgw_xom, dancing_weapons_uskayaw,
          gammafunk_temple_overflow_elements, mainiacjoe_overflow_cross_hatched
D:4:      layout_basic, zin_treasury, portal_sewer_entry_a, uniq_blork_the_orc,
          uniq_grinder, uniq_crazy_yiuf_cottage, uniq_ijyb, uniq_pikel
D:5:      layout_rooms, nicolae_qazlal_eye_of_the_storm
D:6:      layout_gridville, amcnicky_mini_pool_small, dk_vineyard_3,
          uniq_prince_ribbit1, uniq_menkaure
D:7:      layout_loops_ring, amcnicky_altar_gilded, kennysheep_mini,
          minmay_temple_entry_statues_pillars, kennysheep_windowed_goal
D:8:      layout_loops_ring, lemuel_coloured_pillars_altar
D:9:      layout_basic, erik_orc_4, chequers_big_river,
          hangedman_decor_slide_cut, hex_tiny, nicolae_zen_rock_garden,
          uniq_harold, uniq_erolcha
D:10:     layout_grid_maze, due_lair_maze_entry_diamond, serial_shops,
          nicolae_take_the_stairs, nicolae_shop_trees, shop,
          nicolae_shop_waterfront
D:11:     minmay_twisted_water, layout_long_grid, serial_shops, freezing_bzr
Temple:   nicolae_temple_hex_pool
Orc:1:    layout_caves
Orc:2:    grunt_orc_community_town_hall, layout_caves,
          grunt_orc_community_big_house_1, grunt_orc_community_big_house_1,
          grunt_orc_community_house_2, grunt_orc_community_house_3,
          grunt_orc_community_house_3, grunt_orc_community_house_1,
          grunt_orc_community_house_1, grunt_orc_community_house_2, basic_altar

Skill      XL: |  1  2  3  4  5  6  7  8  9 10 11 12 |
---------------+-------------------------------------+-----
Long Blades    | 2 3 4 5 8 |  8.0
Spellcasting   | 3 6 7 8 10 | 10.0
Fighting       | 6 7 |  7.3
Dodging        | 3 6 |  6.3
Shields        | 5 |  5.2
Axes           | |  0.7
Bows           | |  0.7
Crossbows      | |  0.7
Throwing       | |  0.7
Armour         | |  1.0

Action                   |  1- 3 |  4- 6 |  7- 9 | 10-12 || total
-------------------------+-------+-------+-------+-------++-------
Melee: Falchion          |    91 |    84 |       |       ||   175
       Dagger            |       |   125 |   168 |       ||   293
       Short sword       |       |       |   221 |   119 ||   340
       Quarterstaff      |       |       |    33 |       ||    33
       Long sword        |       |       |    27 |    54 ||    81
       Great sword       |       |       |       |    68 ||    68
       Double sword      |       |       |       |   175 ||   175
Throw: Dart              |       |       |    33 |    29 ||    62
       Boomerang         |       |       |     1 |       ||     1
 Cast: Blink             |       |     1 |     6 |     1 ||     8
       Wereblood         |       |       |     7 |     1 ||     8
       Ozocubu's Armour  |       |       |     3 |     1 ||     4
       Sandblast         |       |       |     2 |     5 ||     7
       Manifold Assault  |       |       |    20 |    73 ||    93
       Petrify           |       |       |     1 |       ||     1
       Fulminant Prism   |       |       |       |     4 ||     4
Evoke: Wand              |       |       |     3 |     2 ||     5
  Use: Scroll            |       |     2 |     8 |    15 ||    25
       Potion            |       |       |     4 |     1 ||     5
 Stab: Sleeping          |     1 |     1 |     1 |     3 ||     6
Armor: Leather armour    |    29 |    49 |   118 |       ||   196
       Skin              |       |       |    13 |       ||    13
       Robe              |       |       |     4 |    70 ||    74
Dodge: Dodged            |    71 |   108 |   239 |   294 ||   712
Block: Buckler           |       |       |       |    17 ||    17
       Rpst.: Falchion   |    29 |    15 |       |       ||    44
       Long sword        |       |       |     7 |     7 ||    14
       Great sword       |       |       |       |    12 ||    12
       Double sword      |       |       |       |    45 ||    45

Table legend: (Time is in decaauts)
 A = Elapsed time spent in this place.
 B = Non-inter-level travel time spent in this place.
 C = Inter-level travel time spent in this place.
 D = Time resting spent in this place.
 E = Time spent auto-exploring this place.
 F = Levels seen in this place.
 G = Mean time per level.
                   A        B        C        D        E       F      G
               +--------+--------+--------+--------+--------+-----+--------+
         Total |  21863 |  20810 |   1053 |   8235 |   9718 |  15 | 1457.5 |
       Dungeon |  20161 |  19187 |    974 |   7892 |   8791 |  11 | 1832.8 |
        Temple |    201 |    145 |     56 |      0 |    140 |   1 |  201.0 |
  Orcish Mines |    605 |    582 |     23 |      0 |    473 |   2 |  302.5 |
         Sewer |    895 |    895 |      0 |    342 |    314 |   1 |  895.0 |
               +--------+--------+--------+--------+--------+-----+--------+

Top non-repeatable levels by time:
     D:4: 2493 daAuts
     D:7: 2474 daAuts
     D:8: 2446 daAuts
     D:9: 2407 daAuts
     D:3: 2279 daAuts
    D:10: 1829 daAuts
     D:1: 1811 daAuts
     D:6: 1663 daAuts
     D:5: 1441 daAuts
     D:2: 1004 daAuts
   Sewer: 895 daAuts
   Orc:1: 593 daAuts
    D:11: 310 daAuts
  Temple: 201 daAuts
   Orc:2: 11 daAuts
